 Dungeon Crawl Stone Soup version 0.30-a0-949-g53dc5368d7 (webtiles) character file.

Game seed: 2714401729553431687

46 Jackthecabe the Caller (level 3, -2/19 HPs)
             Began as a Tengu Summoner on Mar 27, 2023.
             Slain by a goblin
             ... wielding a +1 dagger of venom
             ... led by Robin
              (6 damage)
             ... on level 2 of the Dungeon.
             The game lasted 00:02:59 (1641 turns).

Jackthecabe the Caller (Tengu Summoner)             Turns: 1641, Time: 00:02:59

Health: -2/19      AC:  3    Str:  8    XL:     3   Next: 68%
Magic:  6/7        EV: 12    Int: 17    God:
Gold:   60         SH:  0    Dex: 14    Spells: 2/6 levels left

rFire   . . .      SeeInvis .    (no weapon)
rCold   . . .      Faith    .    (no shield)
rNeg    . . .      Spirit   .    a - +0 robe
rPois   .          Reflect  .    (helmet restricted)
rElec   .          Rampage  .    f - +0 cloak
rCorr   .                        (no gloves)
Will    .....                    (boots unavailable)
Stlth   ++                       (no amulet)
HPRegen 0.23/turn                (no ring)
MPRegen 0.10/turn                (no ring)

@: no status effects
A: beak, talons 3
a: no special abilities


You were on level 2 of the Dungeon.
You visited 1 branch of the dungeon, and saw 2 of its levels.

You collected 60 gold pieces.


Innate Abilities, Weirdness & Mutations

You have a beak for a mouth.
You have claws for feet.


   Skills:
 - Level 2.1 Dodging
 - Level 2.0 Stealth
 - Level 2.0 Spellcasting
 + Level 6.4 Summonings


You had 2 spell levels left.
You knew the following spells:

 Your Spells              Type           Power      Damage    Failure   Level
c - Call Canine Familiar  Summ           23%        N/A       4%          3
z - Summon Small Mammal   Summ           92%        N/A       1%          1

Your spell library contained the following spells:

 Spells                   Type           Power      Damage    Failure   Level
 Call Imp                 Summ           23%        N/A       2%          2
 Summon Guardian Golem    Hex/Summ       12%        N/A       16%         3
 Summon Lightning Spire   Summ/Air       12%        N/A       45%         4
 Olgreb's Toxic Radiance  Pois           1%         N/A       88%         4
 Ozocubu's Refrigeration  Ice            0%         4d7       100%        7
 Ignition                 Fire           0%         3d3       100%        8

Inventory:

Armour
 a - a +0 robe (worn)
 f - a +0 cloak (worn)
Scrolls
 d - a scroll of noise {unknown}
 e - 2 scrolls of identify {unknown}
 g - a scroll of immolation {unknown}
 h - a scroll of summoning {unknown}
 i - a scroll of blinking {unknown}
 k - a scroll of fog {unknown}
 l - a scroll of amnesia {unknown}
 m - a scroll of silence {unknown}
Potions
 b - a potion of magic
 c - 2 potions of brilliance {unknown}
 j - a potion of curing {unknown}

Dungeon Overview and Level Annotations

Branches:
Dungeon (2/15)

Altars:

Annotations:
D:2 Robin

#+# #######g#.#
......g@#.#
#######)#.#
...####.#.#
##...rg#.# #....g.#.#
#.g###.#.#
#..g.....#######
#g###..........#
#.....g.##..........#


You could see Robin (ally target), 3 goblins and a friendly quokka (summoned).


Message History

Robin barely misses your rat.
A goblin comes into view. It is wielding a +0 dagger.
Your rat bites Robin but does no damage.
Robin throws the goblin at you!
A goblin comes into view. It is wielding a +1 dagger of venom.
The goblin closely misses you.
Your rat bites Robin.
Robin closely misses your rat. The goblin hits you with a +0 dagger.
Your rat bites Robin but does no damage.
Your quokka closely misses Robin.
Robin roars a battlecry!
The goblins go into a battle-frenzy!
The goblin hits your rat with a +0 club.
Your rat dies!
Your rat's corpse disappears in a puff of smoke!
The goblin hits you with a +0 dagger.
Your quokka barely misses Robin.
You hit the goblin.
The goblin is heavily wounded.
Robin throws the goblin at you! The goblin closely misses you.
The goblin hits you but does no damage. The goblin closely misses your quokka.
Your quokka closely misses Robin.
You hit the goblin but do no damage.
The goblin is heavily wounded.
The goblin hits you with a +1 dagger of venom.
* * * LOW HITPOINT WARNING * * *
The goblin hits you with a +0 dagger.
* * * LOW HITPOINT WARNING * * *
The goblin closely misses your quokka.
Your quokka bites Robin.
Your quokka bites Robin.
The goblin hits you with a +1 dagger of venom.
You die...

Skill      XL: |  1  2  3 |
---------------+----------+-----
Summonings     | 5 6 |  6.4
Dodging        | |  2.1
Stealth        | |  2.0
Spellcasting   | |  2.0

Action                     || total
---------------------------++-------
  Melee: Unarmed           ||    72
         Peck              ||    17
         Kick              ||    21
         Punch             ||     1
   Cast: Summon Small Mamm ||    39
         Call Canine Famil ||     3
   Stab: Sleeping          ||     1
 Armour: Robe              ||    18
  Dodge: Dodged            ||    41

Levels and vault maps discovered:
D:1:      minmay_arrival_glassed_features, layout_loops_cross,
          minmay_shallow_snake_nest
D:2:      layout_basic, minmay_box_of_dots, uniq_robin

Notes
Turn   | Place    | Note
-------+----------+-------------------------------------------
     0 | D:1      | Jackthecabe the Tengu Summoner began the quest for the Orb.
     0 | D:1      | Reached XP level 1. HP: 10/10 MP: 4/4
    18 | D:1      | Reached skill level 5 in Summonings
   299 | D:1      | Reached XP level 2. HP: 15/15 MP: 4/6
  1078 | D:2      | Reached XP level 3. HP: 14/19 MP: 4/7
  1158 | D:2      | Learned a level 3 spell: Call Canine Familiar
  1166 | D:2      | Reached skill level 6 in Summonings
  1321 | D:2      | Noticed Robin
  1641 | D:2      | Slain by a goblin

Vanquished Creatures
  An endoplasm (D:1)
  A goblin (D:1)
  3 hobgoblins
  A quokka (D:2)
  2 ball pythons (D:1)
  A bat (D:1)
  2 frilled lizards (D:2)
  A rat (D:2)
12 creatures vanquished.

Vanquished Creatures (collateral kills)
  A worm (D:2)
  A bat (D:1)
  4 endoplasms
  2 giant cockroaches
  4 hobgoblins (D:2)
  A kobold (D:1)
  2 quokkas
  7 goblins
  3 rats
25 creatures vanquished.

Grand Total: 37 creatures vanquished

Table legend: (Time is in decaauts)
 A = Elapsed time spent in this place.
 B = Non-inter-level travel time spent in this place.
 C = Inter-level travel time spent in this place.
 D = Time resting spent in this place.
 E = Time spent auto-exploring this place.
 F = Levels seen in this place.
 G = Mean time per level.
                   A        B        C        D        E       F      G
               +--------+--------+--------+--------+--------+-----+--------+
         Total |   1643 |   1630 |     13 |    261 |   1083 |   2 |  821.5 |
       Dungeon |   1643 |   1630 |     13 |    261 |   1083 |   2 |  821.5 |
               +--------+--------+--------+--------+--------+-----+--------+

Top non-repeatable levels by time:
     D:1: 1154 daAuts
     D:2: 489 daAuts

Table legend:
 A = Non-vault XP
 B = Vault XP
 C = Vault XP percentage of total XP
 D = Non-vault monster count
 E = Vault monster count
 F = Vault count percentage of total count
                 A         B        C        D         E       F
            +---------+---------+-------+---------+---------+-------
      Total |      39 |      28 |  41.8 |      23 |      14 |  37.8
            +---------+---------+-------+---------+---------+-------
        D:1 |      25 |       8 |  24.2 |      14 |       5 |  26.3
        D:2 |      14 |      20 |  58.8 |       9 |       9 |  50.0
            +---------+---------+-------+---------+---------+-------
